 Dungeon Crawl Stone Soup version 0.27.1-4-g1640c2035a (webtiles) character file.

Game seed: 4344571794130733429

30085 Turgor the Geomancer (level 13, -2/81 HPs)
             Began as an Octopode Fire Elementalist on Nov 5, 2021.
             Was an Initiate of Gozag.
             Slain by a five-headed hydra (7 damage)
             ... on level 3 of the Lair of Beasts on Nov 7, 2021.
             The game lasted 02:52:58 (20402 turns).

Turgor the Geomancer (Octopode Fire Elementalist)  Turns: 20402, Time: 02:52:59

Health: -2/81      AC:  1    Str:  8    XL:     13   Next: 49%
Magic:  13/35      EV: 17    Int: 21    God:    Gozag
Gold:   2692       SH:  0    Dex: 21    Spells: 5/31 levels left

rFire    . . .     SeeInvis .   v - staff of conjuration
rCold    . . .     Faith    .   (no shield)
rNeg     . . .     Spirit   .   (helmet restricted)
rPois    +         Reflect  .   (no amulet)
rElec    .         Harm     .   b - ring of ice
rCorr    .         Rampage  .   d - ring of fire
Will     .....                  a - ring of magical power
Stlth    +++++.....             (no ring)
HPRegen  0.23/turn              H - ring of protection from cold
MPRegen  0.24/turn              O - ring of Xethroec {Fly rPois rC- Dex+8}
                                (no ring)
                                (no ring)

@: gold aura, flying
A: almost no armour, amphibious, 8 rings, camouflage 1, gelatinous body 1,
(nimble swimmer 1), tentacles
a: Renounce Religion, Potion Petition, Call Merchant, Bribe Branch


You were on level 3 of the Lair of Beasts.
You worshipped Gozag.
Gozag was most pleased with you.
You visited 3 branches of the dungeon, and saw 13 of its levels.
You also visited: Volcano.

You collected 2851 gold pieces.
You spent 30 gold pieces at shops.
You paid 129 gold pieces to Gozag.

Inventory:

Hand Weapons
 t - a +0 whip of electrocution
 B - the +8 spear of the Everdark {spect, Int+7}
   (You found it on level 7 of the Dungeon)

   When its wielder attacks, the weapon's spirit leaps out and strikes again.
   The spirit shares a part of any damage it takes with its wielder.
   Int:       It affects your intelligence (+7).
 C - a +4 dagger of freezing
 J - a +3 broad axe of flaming
 L - a +2 demon whip of flaming
Missiles
 c - 3 curare-tipped darts
 e - 246 stones
 h - 7 javelins
 q - 27 poisoned darts (quivered)
 M - a throwing net
Magical Staves
 v - a staff of conjuration (weapon)
Jewellery
 a - a ring of magical power (on tentacle)
 b - a ring of ice (left tentacle)
 d - a ring of fire (right tentacle)
 F - a ring of flight
 H - a ring of protection from cold (on tentacle)
 O - the ring of Xethroec (on tentacle) {Fly rPois rC- Dex+8}
   (You found it on level 3 of the Lair of Beasts)

   [ring of flight]

   Dex:       It affects your dexterity (+8).
   rC:        It makes you vulnerable to cold.
   rPois:     It protects you from poison.
   Fly:       It grants you flight.
Wands
 p - a wand of mindburst (7)
 s - a wand of iceblast (3)
 y - a wand of digging (10)
 G - a wand of flame (13)
 N - a wand of polymorph (8)
Scrolls
 f - a scroll of acquirement {unknown}
 g - 3 scrolls of fear {unknown}
 i - 3 scrolls of magic mapping {unknown}
 j - 2 scrolls of summoning {unknown}
 k - 7 scrolls of teleportation
 l - 4 scrolls of vulnerability {unknown}
 n - a scroll of brand weapon {unknown}
 o - a scroll of fog {unknown}
 r - 3 scrolls of amnesia {unknown}
 w - a scroll of immolation
 E - a scroll of enchant armour {unknown}
Potions
 m - 4 potions of flight
 u - 3 potions of mutation
 x - 2 potions of lignification
 z - a potion of cancellation
 A - 3 potions of resistance
 D - 3 potions of curing
 K - a potion of might
 P - a potion of ambrosia {unknown}
Miscellaneous
 I - a condenser vane (inert)


   Skills:
 + Level 5.0 Fighting
 + Level 5.5 Dodging
 - Level 6.0 Stealth
 * Level 9.9 Spellcasting
 * Level 10.4 Conjurations
 * Level 7.8 Transmutations
 - Level 5.8 Fire Magic
 * Level 12.0 Earth Magic


You had 5 spell levels left.
You knew the following spells:

 Your Spells              Type           Power      Damage    Failure   Level
a - Foxfire               Conj/Fire      100%       2x1d9     1%          1
c - Conjure Flame         Conj/Fire      79%        6-21      1%          3
d - Stone Arrow           Conj/Erth      100%       3d13      1%          3
f - Fireball              Conj/Fire      39%        3d16      6%          5
p - Petrify               Tmut/Erth      51%        N/A       1%          4
s - Sticky Flame          Conj/Fire      79%        2d9       2%          4
z - Statue Form           Tmut/Erth      34%        N/A       17%         6

Your spell library contained the following spells:

 Spells                   Type           Power      Damage    Failure   Level
 Magic Dart               Conj           100%       1d8       1%          1
 Searing Ray              Conj           100%       3d7       1%          2
 Inner Flame              Hex/Fire       34%        N/A       6%          3
 Fulminant Prism          Conj/Hex       24%        3d13      8%          4
 Corpse Rot               Necr/Air       N/A        N/A       10%         2
 Poisonous Vapours        Pois/Air       20%        N/A       10%         2
 Slow                     Hex            10%        N/A       10%         2
 Borgnjor's Vile Clutch   Necr/Erth      17%        N/A       16%         5
 Confusing Touch          Hex            10%        N/A       21%         3
 Vampiric Draining        Necr           5%         2d6       21%         3
 Freezing Cloud           Conj/Ice/Air   27%        6-21      41%         5
 Animate Dead             Necr           5%         N/A       54%         4
 Dispel Undead            Necr           10%        3d9       54%         4
 Metabolic Englaciation   Hex/Ice        7%         N/A       88%         5
 Lehudib's Crystal Spear  Conj/Erth      36%        10d9      99%         8
 Death Channel            Necr           5%         N/A       100%        6
 Simulacrum               Ice/Necr       7%         N/A       100%        6
 Polar Vortex             Ice            7%         N/A       100%        9
 Animate Armour           Summ/Erth      Unusable   N/A       N/A         4

Dungeon Overview and Level Annotations

Branches:
Dungeon (9/15)             Temple (1/1) D:6            Lair (3/6) D:9
 Shoals (0/4) Lair:2       Spider (0/4) Lair:3      Volcano (visited)
    Orc: D:9-12

Altars:
Ashenzari
Gozag
Kikubaaqudgha
Makhleb
Nemelex Xobeh
Okawaru
Ru
Trog
Wu Jian
Xom

Shops:
D:2 ?   D:4 *!?   D:7 [

Annotations:
D:9 1 runed translucent door
Lair:1 1 runed translucent door, othur's ghost, journeyman HOFi


Innate Abilities, Weirdness & Mutations

You cannot wear most types of armour.
You are amphibious.
You can wear up to eight rings at the same time.
Your skin changes colour to match your surroundings (Stealth+).
Your rubbery body absorbs attacks. (AC +1, EV +1)
((You are camouflaged near water. (Stealth+)))
You have tentacles for arms and can constrict up to eight enemies at once.


Message History

You feel a surge of power!
The stone arrow misses the five-headed hydra.
Casting: Stone Arrow (safe; 1% risk of failure)
Confirm with . or Enter, or press ? or * to list all spells.
Aiming: Fireball (dangerous; 6% risk of failure)
Press: ? - help, Shift-Dir - straight line, f/p - five-headed hydra
Aim: a five-headed hydra (moderately wounded)
You feel a strong surge of power!
The fireball explodes!
The fireball engulfs the five-headed hydra!!
The five-headed hydra is severely wounded.
Unknown command.
Casting: Fireball (dangerous; 6% risk of failure)
Confirm with . or Enter, or press ? or * to list all spells.
Aiming: Stone Arrow (safe; 1% risk of failure)
Press: ? - help, Shift-Dir - straight line, f/p - five-headed hydra
Aim: a five-headed hydra (severely wounded, 92% to hit)
You feel a surge of power!
The stone arrow hits the five-headed hydra!
The five-headed hydra is severely wounded.
The five-headed hydra bites you! x2; The five-headed hydra bites you.
The five-headed hydra bites you!
The five-headed hydra completely misses you.
Casting: Stone Arrow (safe; 1% risk of failure)
Confirm with . or Enter, or press ? or * to list all spells.
Aiming: Stone Arrow (safe; 1% risk of failure)
Press: ? - help, Shift-Dir - straight line, f/p - five-headed hydra
Aim: a five-headed hydra (severely wounded, 92% to hit)
You feel a surge of power!
The stone arrow hits the five-headed hydra!
The five-headed hydra is almost dead.
The five-headed hydra bites you!
* * * LOW HITPOINT WARNING * * *
The five-headed hydra bites you!
* * * LOW HITPOINT WARNING * * *
The five-headed hydra bites you!
* * * LOW HITPOINT WARNING * * *
The five-headed hydra completely misses you.
The five-headed hydra bites you!
You die...
Your body crumbles into a pile of gold.

#.####......#.##....#..
...# #.....##....####
#..# #.....#.......#
#.>###.....#.......#
#####.....##.......##
######.....#........#
#..##.....##.......##
..........###.#.#..#
...........#..##@####
.................D...$..
.###...##.##.#.##....##.
## ############# #####


You could see a five-headed hydra.

Vanquished Creatures
  4 hydras (Lair:1)
  A boulder beetle (Lair:3)
  2 two-headed ogres (D:8)
  A hell knight (Volcano)
  A salamander mystic (Volcano)
  A lindwurm (Lair:3)
  Pikel (D:4)
  4 salamanders (Volcano)
  3 oklob plants (Lair:1)
  2 merfolk sirens (Lair:2)
  3 black mambas
  2 molten gargoyles (Volcano)
  6 cane toads
  Maggie (Lair:1)
  3 komodo dragons
  11 rime drakes
  A troll (D:7)
  2 merfolk (Lair:2)
  4 blink frogs (Lair:2)
  Sigmund (D:3)
  2 fire bats (Volcano)
  A wraith (D:6)
  22 yaks
  5 wyverns (D:9)
  4 basilisks
  A vampire mosquito (D:9)
  7 steam dragons (Lair:3)
  14 water moccasins
  Duvessa (D:4)
  2 orc warriors
  2 ice beasts
  A necrophage (D:7)
  2 black bears
  7 wolves
  A lemure (D:4)
  A kobold brigand (D:9)
  2 scorpions
  15 bullfrogs
  2 gnoll sergeants
  Dowan (D:4)
  A water moccasin skeleton (D:4)
  6 howler monkeys (D:9)
  An electric eel (Lair:1)
  5 wights (D:8)
  A centaur zombie (D:5)
  7 lava snakes (Volcano)
  A centaur skeleton (D:7)
  2 orc priests (D:5)
  3 hounds
  2 gnoll shamans (D:6)
  A bullfrog skeleton (D:5)
  2 iguanas (D:7)
  5 orc wizards
  A hound zombie (D:5)
  Robin (D:4)
  22 gnolls
  2 howler monkey zombies
  6 adders
  3 white imps
  2 worms
  A dart slug (D:4)
  29 orcs
  7 bats
  5 endoplasms
  2 giant cockroaches
  15 goblins
  9 hobgoblins
  4 jackals (D:3)
  15 kobolds
  3 quokkas
  6 ball pythons
  3 frilled lizards
  8 rats
328 creatures vanquished.

Vanquished Creatures (collateral kills)
  6 foxfires
6 creatures vanquished.

Vanquished Creatures (others)
  787 foxfires
  35 fungi
  68 plants
  3 toadstools (D:6)
893 creatures vanquished.

Grand Total: 1227 creatures vanquished

Notes
Turn   | Place    | Note
-------+----------+-------------------------------------------
     0 | D:1      | Turgor the Octopode Fire Elementalist began the quest for
                  | the Orb.
     0 | D:1      | Reached XP level 1. HP: 11/11 MP: 3/3
   328 | D:1      | Reached XP level 2. HP: 17/17 MP: 0/5
   975 | D:2      | Reached XP level 3. HP: 19/21 MP: 3/6
   981 | D:1      | Learned a level 3 spell: Conjure Flame
  1120 | D:2      | Found Yroeno Utali's Magic Scroll Emporium.
  1126 | D:2      | Bought a scroll of identify for 20 gold pieces
  1126 | D:2      | Bought a scroll of noise for 10 gold pieces
  1685 | D:2      | Reached XP level 4. HP: 27/27 MP: 3/8
  1690 | D:2      | Learned a level 4 spell: Sticky Flame
  2601 | D:3      | Found a faded altar of an unknown god.
  2634 | D:3      | You fall into a shaft and drop 1 floor!
  3426 | D:3      | Noticed Sigmund
  3638 | D:4      | Noticed Duvessa
  3638 | D:4      | Noticed Dowan
  3673 | D:4      | Found Udoklon's Distillery.
  3686 | D:4      | Found Dequt's Gadget Gallery.
  3694 | D:4      | Noticed a lemure
  3694 | D:4      | Noticed a lemure
  3696 | D:4      | Noticed a lemure
  3698 | D:4      | Noticed Pikel
  3706 | D:4      | Reached XP level 5. HP: 16/31 MP: 5/9
  3746 | D:4      | Killed a lemure
  3958 | D:4      | Found Odoalote's Magic Scroll Shoppe.
  4000 | D:4      | Found a burning altar of Makhleb.
  4252 | D:4      | Noticed a lemure
  4271 | D:4      | Killed Pikel
  4272 | D:4      | Reached skill level 5 in Fire Magic
  4272 | D:4      | Reached XP level 6. HP: 36/36 MP: 3/12
  4272 | D:4      | Reached XP level 7. HP: 41/41 MP: 3/13
  4278 | D:4      | Learned a level 5 spell: Fireball
  4376 | D:4      | Found a broken altar of Ashenzari.
  4395 | D:4      | Noticed Robin
  4401 | D:4      | Killed Robin
  4840 | D:4      | Killed Dowan
  4890 | D:4      | Killed Duvessa
  4891 | D:4      | Reached skill level 5 in Conjurations
  5087 | D:5      | Entered Level 5 of the Dungeon
  5112 | D:5      | Reached XP level 8. HP: 45/46 MP: 12/15
  5171 | D:5      | Reached skill level 5 in Spellcasting
  5265 | D:5      | Learned a level 3 spell: Stone Arrow
  5351 | D:5      | Reached skill level 1 in Earth Magic
  5626 | D:5      | Reached skill level 2 in Earth Magic
  5894 | D:5      | Found an iron altar of Okawaru.
  6120 | D:6      | Reached skill level 3 in Earth Magic
  6312 | D:6      | Found an ancient bone altar of Kikubaaqudgha.
  6425 | D:6      | Noticed a wraith
  6437 | D:6      | Killed a wraith
  6438 | D:6      | Reached skill level 4 in Earth Magic
  6737 | D:6      | Reached XP level 9. HP: 50/51 MP: 8/17
  7154 | D:6      | Found a staircase to the Ecumenical Temple.
  7159 | Temple   | Entered the Ecumenical Temple
  7168 | Temple   | Became a worshipper of Gozag Ym Sagoz the Greedy
  7891 | D:3      | Killed Sigmund
  7892 | D:3      | Reached skill level 5 in Earth Magic
  8168 | D:7      | Identified the +8 spear of the Everdark {spect, Int+7}
  8377 | D:7      | Noticed a troll
  8384 | D:7      | Killed a troll
  8718 | D:7      | Found Repemopp's Antique Armour Shop.
  8736 | D:7      | Reached skill level 6 in Earth Magic
  9363 | D:8      | Noticed a two-headed ogre
  9372 | D:8      | Killed a two-headed ogre
  9373 | D:8      | Reached skill level 7 in Earth Magic
  9373 | D:8      | Reached XP level 10. HP: 37/56 MP: 15/20
  9595 | D:8      | Reached skill level 8 in Earth Magic
  9730 | D:8      | Learned a level 6 spell: Statue Form
  9827 | D:8      | Found a sacrificial altar of Ru.
 10021 | D:8      | Reached skill level 1 in Transmutations
 10253 | D:8      | Noticed a two-headed ogre
 10326 | D:8      | Killed a two-headed ogre
 10703 | D:9      | Reached skill level 9 in Earth Magic
 10970 | D:9      | Reached XP level 11. HP: 61/61 MP: 16/22
 11314 | D:9      | Found a staircase to the Lair.
 11564 | D:9      | Found a runed translucent door.
 11568 | D:9      | Noticed a fire giant
 11639 | D:9      | Reached skill level 5 in Transmutations
 11951 | D:9      | Found an ornate altar of the Wu Jian Council.
 12111 | D:9      | Found a shimmering altar of Xom.
 12535 | D:9      | Noticed a manticore
 12564 | Lair:1   | Entered Level 1 of the Lair of Beasts
 12669 | Lair:1   | Reached skill level 1 in Fighting
 12669 | Lair:1   | Reached skill level 10 in Earth Magic
 12738 | Lair:1   | HP: 1/63 [basilisk (17)]
 13060 | Lair:1   | Noticed a five-headed hydra
 13071 | Lair:1   | Killed a five-headed hydra
 13190 | Lair:1   | Noticed a five-headed hydra
 13322 | Lair:1   | Noticed an eight-headed hydra
 13330 | Lair:1   | Killed an eight-headed hydra
 13496 | Lair:1   | Found a runed translucent door.
 13496 | Lair:1   | Noticed othur's ghost (journeyman HOFi)
 13620 | Lair:1   | Noticed Maggie
 13649 | Lair:1   | Reached XP level 12. HP: 40/72 MP: 2/24
 14051 | Lair:1   | Noticed an eight-headed hydra
 14061 | Lair:1   | Killed an eight-headed hydra
 14062 | Lair:1   | Reached skill level 5 in Stealth
 14259 | Lair:1   | Killed Maggie
 14357 | Lair:1   | Found the +2 robe of Vines {NoPotionHeal Regen+++}
 14652 | Lair:1   | Killed a five-headed hydra
 14990 | Lair:2   | Reached skill level 11 in Earth Magic
 15385 | Lair:2   | Found a dark tunnel.
 15394 | Volcano  | Entered a volcano
 15400 | Volcano  | Learned a level 4 spell: Petrify
 16259 | Volcano  | Found a burning altar of Makhleb.
 17055 | Volcano  | Noticed a hell knight
 17067 | Volcano  | Killed a hell knight
 17598 | Lair:2   | Found a staircase to the Shoals.
 17601 | Lair:2   | Reached XP level 13. HP: 47/80 MP: 22/26
 17602 | Lair:2   | Reached skill level 5 in Dodging
 17881 | Lair:2   | Reached skill level 10 in Conjurations
 18323 | Lair:3   | Identified the ring of Xethroec {Fly rPois rC- Dex+8}
 18356 | Lair:3   | Found a hole to the Spider Nest.
 20147 | Lair:3   | Reached skill level 12 in Earth Magic
 20149 | Lair:3   | Reached skill level 5 in Fighting
 20402 | Lair:3   | Slain by a five-headed hydra

Illustrated notes

Levels and vault maps discovered:
D:1:      dpeg_arrival_erosion, layout_basic
D:2:      layout_basic, serial_shops, shop_fountains
D:3:      layout_basic, hellmonk_ecumenical_altar_lost_god, serial_corexii_hall,
          chequers_hall_statues_corner_a, chequers_hall_statues_corner_a,
          uniq_sigmund
D:4:      layout_basic, kennysheep_mini_moat, mainiacjoe_overflow_boulevard,
          nicolae_wooded_promenade, nicolae_shop_gadgets, uniq_robin,
          uniq_duvessa, uniq_pikel
D:5:      wander_river, layout_rooms, kennysheep_okawaru_gauntlet,
          serial_aquarium, aquarium_bridge_straight [aquarium_subvault_bridge,
          aquarium_subvault_window, aquarium_subvault_bridge,
          aquarium_subvault_window], aquarium_window_corner,
          aquarium_window_fake, aquarium_view_2f
D:6:      layout_loops_corners, lemuel_round_altar,
          minmay_temple_entry_nine_rooms, minmay_gold_behind_fungi
D:7:      layout_loops_corners, serial_shops, nicolae_square_shop
D:8:      layout_cave_pools, mainiacjoe_overflow_concentric_impassable
D:9:      layout_long_grid, mainiacjoe_overflow_catwalk, old_standard_altar,
          minmay_lair_entry_grove, minivault_13
Temple:   hc_temple_tempest_star
Lair:1:   layout_chaotic_city, ebering_ghost_inner_flame, st_stairs_4,
          hellmonk_guarded_unrand_vines, minmay_lair_oklob_chamber,
          serial_bayou_shore_a, infiniplex_staircase_pool_2, uniq_maggie
Lair:2:   layout_roguey, elwin_shoals_entry_stream,
          nicolae_volcano_entry_two_sided, grunt_megastairs_3
Lair:3:   layout_regular_city, spider_nest_entry_web_field,
          chequers_serial_rivers_micro_b, bobbens_dragon_lair_wall

Skill      XL: |  1  2  3  4  5  6  7  8  9 10 11 12 13 |
---------------+----------------------------------------+-----
Conjurations   | 2 4 5 6 7 8 9 10 | 10.4
Spellcasting   | 3 4 5 7 8 9 |  9.9
Fire Magic     | 4 5 |  5.8
Earth Magic    | 4 7 9 10 11 12 | 12.0
Transmutations | 4 5 7 |  7.8
Stealth        | 4 6 |  6.0
Fighting       | 2 4 5 |  5.0
Dodging        | 3 4 5 |  5.5

Action                   |  1- 3 |  4- 6 |  7- 9 | 10-12 | 13-15 || total
-------------------------+-------+-------+-------+-------+-------++-------
Melee: Dagger            |     1 |    11 |     4 |     4 |       ||    20
       Constrict         |     1 |     5 |     4 |     2 |     2 ||    14
       Tentacles         |       |     3 |     2 |     2 |     1 ||     8
       Staff             |       |       |     4 |     2 |     2 ||     8
Throw: Dart              |       |       |     4 |       |     5 ||     9
 Cast: Foxfire           |    48 |    57 |   155 |   169 |    31 ||   460
       Stone Arrow       |       |       |    50 |   204 |    46 ||   300
       Conjure Flame     |       |       |     3 |     4 |       ||     7
       Sticky Flame      |       |       |     2 |     5 |       ||     7
       Fireball          |       |       |       |    11 |    23 ||    34
       Petrify           |       |       |       |     1 |     1 ||     2
Evoke: Wand              |       |       |       |     8 |     4 ||    12
       Condenser vane    |       |       |       |       |     1 ||     1
  Use: Scroll            |       |     3 |     3 |     3 |     4 ||    13
       Potion            |       |       |     2 |     2 |     1 ||     5
 Stab: Sleeping          |       |     3 |       |       |       ||     3
       Petrified         |       |       |       |     4 |       ||     4
Armor: Skin              |       |     3 |     2 |     2 |       ||     7
Dodge: Dodged            |       |    17 |    15 |    45 |    12 ||    89
